Connexion

Rocket vs Reign

Created - 1 novembre 2023 at 05:48

Goals
1 2 3 T
Rocket 1 2 0 3
Reign 0 1 1 2
Shots
1 2 3 T
Rocket 17 16 14 47
Reign 2 5 12 19

GoalsPenalties
1st period
1. Rocket , Philippe Myers 10 (Vladislav Kamenev 29, Matt Luff 14) at 18:46
Matt Irwin (ONT) for Tripping (Minor) at 5:43
Mason Appleton (ONT) for High sticking (Minor) at 9:56
2nd period
2. Rocket , Rinat Valiev 3 (Vladislav Kamenev 30, Michael Dal Colle 11) at 3:01 (PP)
3. Rocket , Jonah Gadjovich 11 (Nolan Stevens 7, Luc Snuggerud 11) at 16:58
4. Reign , Connor Mackey 4 (Joël Teasdale 12, Zachary Aston-Reese 20) at 19:17
Zack Macewen (ONT) for Roughing (Minor) at 2:10
Mitchell Stephens (LAV) for Holding (Minor) at 4:46
Zack Macewen (ONT) for Hooking (Minor) at 14:48
3rd period
5. Reign , Patrick Khodorenko 8 (Lawrence Pilut 19, Mason Appleton 9) at 13:16
Zachary Aston-Reese (ONT) for Hooking (Minor) at 6:20
Vili Saarijarvi (LAV) for Slashing (Minor) at 11:01
Goalie Stats
James Reimer (LAV), 17 saves from 19 shots - (0,895), W, 9-8-1, 60:00 minutes
Pheonix Copley (ONT), 44 saves from 47 shots - (0,936), L, 11-9-1, 59:57 minutes
3 StarsOfficial
1 - Pheonix Copley (ONT)
2 - Philippe Myers (LAV)
3 - Jonah Gadjovich (LAV)
Referees : Jean Hebert and Chris Lee
Linesman : Mark Wheler and Jay Sharrers
Game Note
No Game Note
Finance
Level 1 -- Attendance: 2000 (100,00%) -- Ticket Income 60 000 $
Level 2 -- Attendance: 1000 (100,00%) -- Ticket Income 20 000 $
Total Attendance: 3000 (100,00%)
Total Ticket Income: 80 000 $
Other Income: 16 000 $
Total Income: 96 000 $



Team Name Goals Shots Shots Attemp Shots Blocked PIM HIT PP PK FO%
Rocket 34710194191 / 5 (20%)062%
Reign 219441310230 / 2 (0%)138%

Rocket
Player Name POS G A P +/- PIM HIT SHT SB MP PP MP PP SHT PK MP PK SHT FO% FOT
Andrei MironovD0000000221:154:2701:5000% 0
Boris KatchoukLW0000016121:394:1011:00083% 6
Evan BarrattC/LW000000002:360:0000:0000% 1
Joel L'EsperanceC000000000:400:0000:000100% 1
Jonah GadjovichLW1010022013:260:0000:440100% 1
Kale ClagueD0000014225:164:2032:0800% 0
Luc SnuggerudD0110002113:290:0000:0000% 0
Matt LuffRW0110023021:054:3711:00033% 3
Michael Dal ColleLW0110024022:004:3721:5500% 1
Mitchell StephensC0000227020:384:1020:00066% 29
Nolan StevensC/LW0110002114:080:0001:26057% 21
Philippe MyersD1010044225:314:2022:0800% 0
Rinat ValievD1010001021:154:2711:5000% 0
Sampo RantaLW/RW0000015020:394:1050:0000% 0
Samuel BlaisLW/RW0000001012:270:0000:0000% 0
Spencer WatsonRW000000002:360:0000:0000% 0
Vili SaarijarviD0000231013:130:0000:0000% 0
Vladislav KamenevC0220015024:074:3711:51063% 30
Reign
Player Name POS G A P +/- PIM HIT SHT SB MP PP MP PP SHT PK MP PK SHT FO% FOT
Andrew LaddLW/RW0000041011:330:1400:3100% 1
Brogan RaffertyD0000010525:562:1205:1100% 0
Connor MackeyD1010021020:401:3203:3600% 0
Danny DekeyserD0000020121:161:3204:1200% 0
Dominic ToninatoC000000006:200:1400:00056% 9
Jacob De La RoseC/LW000001005:510:0000:0000% 0
Jeff CarterC/RW000-1003118:451:4403:03048% 21
Joël TeasdaleLW0111000024:312:0006:08025% 4
John LeonardLW000-1002015:421:4420:0000% 0
Lawrence PilutD0110000114:150:1400:5100% 0
Mason AppletonC/RW0110210012:060:0001:04050% 4
Matt Irwin D0000242224:282:1213:4400% 0
Patrick KhodorenkoC1010001011:170:1400:00050% 16
Patrik NemethD0000033213:240:1400:0000% 0
Ryan ReavesLW/RW0001041020:312:0002:0800% 0
Tyler WongC/RW000000105:510:0000:0000% 0
Zachary Aston-ReeseC/LW/RW0111211123:022:0004:40024% 38
Zack MacewenC/RW000-1403015:401:4400:0000% 0



Play-by-Play

1st period


0:01 of 1st period - Zachary Aston-Reese wins face-off versus Vladislav Kamenev in neutral zone.
0:09 of 1st period - Vladislav Kamenev is hit by Ryan Reaves and loses puck.
0:15 of 1st period - Philippe Myers is hit by Ryan Reaves and loses puck.
0:41 of 1st period - Matt Luff is hit by Matt Irwin and loses puck.
0:49 of 1st period - Icing by Matt Irwin .
0:50 of 1st period - Mitchell Stephens wins face-off versus Zachary Aston-Reese in Reign zone.
0:56 of 1st period - Sampo Ranta is hit by Matt Irwin .
0:59 of 1st period - Icing by Brogan Rafferty.
1:00 of 1st period - Nolan Stevens wins face-off versus Zachary Aston-Reese in Reign zone.
1:24 of 1st period - Shot by Jeff Carter.
1:24 of 1st period - Stopped by James Reimer without a rebound.
1:25 of 1st period - Mitchell Stephens wins face-off versus Patrick Khodorenko in Rocket zone.
1:25 of 1st period - Mitchell Stephens is hit by Andrew Ladd.
1:48 of 1st period - Patrick Khodorenko is hit by Mitchell Stephens and loses puck.
2:28 of 1st period - Connor Mackey is hit by Philippe Myers and loses puck.
3:01 of 1st period - Shot by Zack Macewen.
3:01 of 1st period - Shot Misses the Net.
3:11 of 1st period - Vladislav Kamenev is hit by Jacob De La Rose and loses puck.
5:42 of 1st period - Icing by Matt Irwin .
5:43 of 1st period - Nolan Stevens wins face-off versus Jeff Carter in Reign zone.
5:43 of 1st period - Minor Penalty to Matt Irwin for Tripping.
5:44 of 1st period - Vladislav Kamenev wins face-off versus Zachary Aston-Reese in Reign zone.
5:55 of 1st period - Shot by Matt Luff.
5:55 of 1st period - Shot Blocked by Brogan Rafferty.
5:57 of 1st period - Shot by Vladislav Kamenev.
5:57 of 1st period - Shot Misses the Net.
6:08 of 1st period - Icing by Michael Dal Colle.
6:09 of 1st period - Vladislav Kamenev wins face-off versus Joël Teasdale in Rocket zone.
6:13 of 1st period - Icing by Matt Luff.
6:14 of 1st period - Vladislav Kamenev wins face-off versus Zachary Aston-Reese in Rocket zone.
6:41 of 1st period - Shot by Philippe Myers.
6:41 of 1st period - Stopped by Pheonix Copley without a rebound.
6:42 of 1st period - Mitchell Stephens wins face-off versus Zachary Aston-Reese in Reign zone.
6:57 of 1st period - Shot by Sampo Ranta.
6:57 of 1st period - Deflect By Mitchell Stephens.
6:57 of 1st period - Shot Misses the Net.
7:34 of 1st period - Shot by Matt Luff.
7:34 of 1st period - Shot Misses the Net.
7:36 of 1st period - Shot by Andrei Mironov.
7:36 of 1st period - Shot Misses the Net.
7:48 of 1st period - Shot by Luc Snuggerud.
7:48 of 1st period - Stopped by Pheonix Copley without a rebound.
7:49 of 1st period - Nolan Stevens wins face-off versus Dominic Toninato in Reign zone.
7:52 of 1st period - Shot by Samuel Blais.
7:52 of 1st period - Shot Misses the Net.
7:54 of 1st period - Shot by Jonah Gadjovich.
7:54 of 1st period - Shot Misses the Net.
7:56 of 1st period - Shot by Nolan Stevens.
7:56 of 1st period - Shot Misses the Net.
8:00 of 1st period - Shot by Nolan Stevens.
8:00 of 1st period - Stopped by Pheonix Copley without a rebound.
8:01 of 1st period - Patrick Khodorenko wins face-off versus Vladislav Kamenev in Reign zone.
8:12 of 1st period - Shot by Patrick Khodorenko.
8:12 of 1st period - Shot Misses the Net.
8:14 of 1st period - Shot by Andrew Ladd.
8:14 of 1st period - Stopped by James Reimer without a rebound.
8:15 of 1st period - Mitchell Stephens wins face-off versus Zachary Aston-Reese in Rocket zone.
8:52 of 1st period - Shot by Boris Katchouk.
8:52 of 1st period - Shot Misses the Net.
9:27 of 1st period - Shot by Vladislav Kamenev.
9:27 of 1st period - Shot Misses the Net.
9:35 of 1st period - Shot by Matt Luff.
9:35 of 1st period - Deflect By Vladislav Kamenev.
9:35 of 1st period - Shot Misses the Net.
9:37 of 1st period - Shot by Michael Dal Colle.
9:37 of 1st period - Shot Misses the Net.
9:39 of 1st period - Shot by Vladislav Kamenev.
9:39 of 1st period - Stopped by Pheonix Copley without a rebound.
9:40 of 1st period - Patrick Khodorenko wins face-off versus Nolan Stevens in Reign zone.
9:44 of 1st period - Lawrence Pilut is hit by Vili Saarijarvi and loses puck.
9:56 of 1st period - Minor Penalty to Mason Appleton for High sticking.
9:57 of 1st period - Vladislav Kamenev wins face-off versus Zachary Aston-Reese in Reign zone.
10:13 of 1st period - Icing by Matt Luff.
10:14 of 1st period - Vladislav Kamenev wins face-off versus Zachary Aston-Reese in Rocket zone.
10:36 of 1st period - Matt Luff is hit by Zachary Aston-Reese and loses puck.
10:54 of 1st period - Vladislav Kamenev is hit by Matt Irwin and loses puck.
11:20 of 1st period - Shot by Mitchell Stephens.
11:20 of 1st period - Stopped by Pheonix Copley without a rebound.
11:21 of 1st period - Mitchell Stephens wins face-off versus Zachary Aston-Reese in Reign zone.
11:28 of 1st period - Shot by Sampo Ranta.
11:28 of 1st period - Stopped by Pheonix Copley without a rebound.
11:29 of 1st period - Mitchell Stephens wins face-off versus Zachary Aston-Reese in Reign zone.
11:58 of 1st period - Icing by Ryan Reaves.
11:59 of 1st period - Dominic Toninato wins face-off versus Nolan Stevens in Reign zone.
11:59 of 1st period - Dominic Toninato is hit by Jonah Gadjovich.
12:09 of 1st period - Shot by Nolan Stevens.
12:09 of 1st period - Stopped by Pheonix Copley with a rebound.
12:20 of 1st period - Jonah Gadjovich is hit by Patrik Nemeth and loses puck.
12:30 of 1st period - Icing by Dominic Toninato.
12:31 of 1st period - Dominic Toninato wins face-off versus Vladislav Kamenev in Reign zone.
13:04 of 1st period - Brogan Rafferty is hit by Michael Dal Colle and loses puck.
13:08 of 1st period - Icing by Brogan Rafferty.
13:09 of 1st period - Mitchell Stephens wins face-off versus Jeff Carter in Reign zone.
13:14 of 1st period - Shot by Sampo Ranta.
13:14 of 1st period - Shot Blocked by Brogan Rafferty.
13:20 of 1st period - Shot by Sampo Ranta.
13:20 of 1st period - Deflect By Boris Katchouk.
13:20 of 1st period - Shot Blocked by Brogan Rafferty.
13:24 of 1st period - Shot by Sampo Ranta.
13:24 of 1st period - Shot Misses the Net.
13:26 of 1st period - Shot by Kale Clague.
13:26 of 1st period - Shot Blocked by Brogan Rafferty.
13:28 of 1st period - Shot by Mitchell Stephens.
13:28 of 1st period - Shot Misses the Net.
13:30 of 1st period - Shot by Mitchell Stephens.
13:30 of 1st period - Stopped by Pheonix Copley without a rebound.
13:31 of 1st period - Nolan Stevens wins face-off versus Zachary Aston-Reese in Reign zone.
13:37 of 1st period - Jonah Gadjovich is hit by Connor Mackey and loses puck.
13:54 of 1st period - Shot by Samuel Blais.
13:54 of 1st period - Stopped by Pheonix Copley without a rebound.
13:55 of 1st period - Patrick Khodorenko wins face-off versus Michael Dal Colle in Reign zone.
14:12 of 1st period - Shot by Michael Dal Colle.
14:12 of 1st period - Stopped by Pheonix Copley with a rebound.
14:14 of 1st period - Shot by Philippe Myers.
14:14 of 1st period - Shot Misses the Net.
14:16 of 1st period - Shot by Matt Luff.
14:16 of 1st period - Stopped by Pheonix Copley without a rebound.
14:17 of 1st period - Zachary Aston-Reese wins face-off versus Boris Katchouk in Reign zone.
16:12 of 1st period - Philippe Myers is hit by Andrew Ladd and loses puck.
17:22 of 1st period - Icing by Jonah Gadjovich.
17:23 of 1st period - Nolan Stevens wins face-off versus Dominic Toninato in Rocket zone.
17:32 of 1st period - Icing by Samuel Blais.
17:33 of 1st period - Zachary Aston-Reese wins face-off versus Nolan Stevens in Rocket zone.
17:43 of 1st period - Shot by Ryan Reaves.
17:43 of 1st period - Shot Blocked by Nolan Stevens.
18:01 of 1st period - Brogan Rafferty is hit by Matt Luff.
18:14 of 1st period - Icing by Ryan Reaves.
18:15 of 1st period - Mitchell Stephens wins face-off versus Zachary Aston-Reese in Reign zone.
18:16 of 1st period - Shot by Boris Katchouk.
18:16 of 1st period - Stopped by Pheonix Copley without a rebound.
18:17 of 1st period - Boris Katchouk wins face-off versus Jeff Carter in Reign zone.
18:24 of 1st period - Shot by Mitchell Stephens.
18:24 of 1st period - Stopped by Pheonix Copley without a rebound.
18:25 of 1st period - Vladislav Kamenev wins face-off versus Jeff Carter in Reign zone.
18:34 of 1st period - Shot by Matt Luff.
18:34 of 1st period - Stopped by Pheonix Copley with a rebound.
18:40 of 1st period - Shot by Matt Luff.
18:40 of 1st period - Shot Misses the Net.
18:42 of 1st period - Shot by Vladislav Kamenev.
18:42 of 1st period - Stopped by Pheonix Copley with a rebound.
18:44 of 1st period - Shot by Philippe Myers.
18:44 of 1st period - Shot Misses the Net.
18:46 of 1st period - Shot by Philippe Myers.
18:46 of 1st period - Goal by Philippe Myers - Rocket : 1 - Reign : 0.
18:47 of 1st period - Mitchell Stephens wins face-off versus Zachary Aston-Reese in neutral zone.
18:56 of 1st period - Zachary Aston-Reese is hit by Mitchell Stephens and loses puck.
19:07 of 1st period - Shot by Zachary Aston-Reese.
19:07 of 1st period - Shot Blocked by Boris Katchouk.
19:21 of 1st period - Shot by Boris Katchouk.
19:21 of 1st period - Shot Blocked by Matt Irwin .
19:23 of 1st period - Shot by Boris Katchouk.
19:23 of 1st period - Stopped by Pheonix Copley without a rebound.
19:24 of 1st period - Vladislav Kamenev wins face-off versus Jeff Carter in Reign zone.
Goals for this period are 1 for Rocket vs 0 for Reign.
Shots for this period are 17 for Rocket vs 2 for Reign.

2nd period


0:01 of 2nd period - Zachary Aston-Reese wins face-off versus Matt Luff in neutral zone.
0:16 of 2nd period - Shot by Ryan Reaves.
0:16 of 2nd period - Shot Misses the Net.
0:27 of 2nd period - Icing by Brogan Rafferty.
0:28 of 2nd period - Mitchell Stephens wins face-off versus Zachary Aston-Reese in Reign zone.
0:48 of 2nd period - Joël Teasdale is hit by Sampo Ranta.
1:08 of 2nd period - Shot by Mitchell Stephens.
1:08 of 2nd period - Stopped by Pheonix Copley without a rebound.
1:09 of 2nd period - Patrick Khodorenko wins face-off versus Matt Luff in Reign zone.
1:09 of 2nd period - Patrick Khodorenko is hit by Vladislav Kamenev.
1:53 of 2nd period - Icing by Kale Clague.
1:54 of 2nd period - Vladislav Kamenev wins face-off versus Jeff Carter in Rocket zone.
2:10 of 2nd period - Minor Penalty to Zack Macewen for Roughing.
2:11 of 2nd period - Mitchell Stephens wins face-off versus Zachary Aston-Reese in Reign zone.
2:27 of 2nd period - Shot by Sampo Ranta.
2:27 of 2nd period - Stopped by Pheonix Copley with a rebound.
2:37 of 2nd period - Shot by Rinat Valiev.
2:37 of 2nd period - Deflect By Sampo Ranta.
2:37 of 2nd period - Stopped by Pheonix Copley without a rebound.
2:38 of 2nd period - Mitchell Stephens wins face-off versus Zachary Aston-Reese in Reign zone.
2:43 of 2nd period - Shot by Boris Katchouk.
2:43 of 2nd period - Shot Misses the Net.
2:49 of 2nd period - Shot by Sampo Ranta.
2:49 of 2nd period - Deflect By Boris Katchouk.
2:49 of 2nd period - Stopped by Pheonix Copley without a rebound.
2:50 of 2nd period - Vladislav Kamenev wins face-off versus Zachary Aston-Reese in Reign zone.
2:59 of 2nd period - Shot by Rinat Valiev.
2:59 of 2nd period - Shot Blocked by Zachary Aston-Reese.
3:01 of 2nd period - Shot by Rinat Valiev.
3:01 of 2nd period - Goal by Rinat Valiev - Rocket : 2 - Reign : 0.
3:02 of 2nd period - Jeff Carter wins face-off versus Nolan Stevens in neutral zone.
3:23 of 2nd period - Shot by Jonah Gadjovich.
3:23 of 2nd period - Deflect By Nolan Stevens.
3:23 of 2nd period - Shot Misses the Net.
4:45 of 2nd period - Off-side.
4:46 of 2nd period - Patrick Khodorenko wins face-off versus Mitchell Stephens in neutral zone.
4:46 of 2nd period - Minor Penalty to Mitchell Stephens for Holding.
4:47 of 2nd period - Nolan Stevens wins face-off versus Zachary Aston-Reese in Rocket zone.
4:47 of 2nd period - Nolan Stevens is hit by Ryan Reaves.
5:27 of 2nd period - Icing by Joël Teasdale.
5:28 of 2nd period - Vladislav Kamenev wins face-off versus Zachary Aston-Reese in Reign zone.
6:27 of 2nd period - Shot by Zack Macewen.
6:27 of 2nd period - Shot Blocked by Kale Clague.
6:43 of 2nd period - Shot by Andrew Ladd.
6:43 of 2nd period - Shot Misses the Net.
7:01 of 2nd period - Shot by Boris Katchouk.
7:01 of 2nd period - Shot Blocked by Patrik Nemeth.
7:14 of 2nd period - Icing by Vili Saarijarvi.
7:15 of 2nd period - Patrick Khodorenko wins face-off versus Mitchell Stephens in Rocket zone.
7:24 of 2nd period - Mitchell Stephens is hit by Andrew Ladd and loses puck.
7:49 of 2nd period - Shot by Patrick Khodorenko.
7:49 of 2nd period - Shot Misses the Net.
8:08 of 2nd period - Off-side.
8:09 of 2nd period - Nolan Stevens wins face-off versus Joël Teasdale in neutral zone.
10:06 of 2nd period - Icing by Mitchell Stephens.
10:07 of 2nd period - Mitchell Stephens wins face-off versus Dominic Toninato in Rocket zone.
10:12 of 2nd period - Shot by Boris Katchouk.
10:12 of 2nd period - Stopped by Pheonix Copley without a rebound.
10:13 of 2nd period - Patrick Khodorenko wins face-off versus Mitchell Stephens in Reign zone.
10:38 of 2nd period - Shot by Boris Katchouk.
10:38 of 2nd period - Shot Misses the Net.
11:01 of 2nd period - Brogan Rafferty is hit by Philippe Myers and loses puck.
11:20 of 2nd period - Shot by Jonah Gadjovich.
11:20 of 2nd period - Deflect By Samuel Blais.
11:20 of 2nd period - Shot Misses the Net.
11:52 of 2nd period - Icing by Rinat Valiev.
11:53 of 2nd period - Vladislav Kamenev wins face-off versus Zachary Aston-Reese in Rocket zone.
11:53 of 2nd period - Matt Luff is hit by Ryan Reaves and loses puck.
12:00 of 2nd period - Shot by Zachary Aston-Reese.
12:00 of 2nd period - Shot Misses the Net.
13:04 of 2nd period - Shot by Sampo Ranta.
13:04 of 2nd period - Shot Misses the Net.
13:06 of 2nd period - Shot by Vili Saarijarvi.
13:06 of 2nd period - Stopped by Pheonix Copley without a rebound.
13:07 of 2nd period - Jonah Gadjovich wins face-off versus Dominic Toninato in Reign zone.
13:23 of 2nd period - Nolan Stevens is hit by Patrik Nemeth.
13:31 of 2nd period - Shot by Samuel Blais.
13:31 of 2nd period - Shot Blocked by Patrik Nemeth.
13:33 of 2nd period - Shot by Philippe Myers.
13:33 of 2nd period - Stopped by Pheonix Copley with a rebound.
14:33 of 2nd period - Shot by John Leonard.
14:33 of 2nd period - Shot Misses the Net.
14:35 of 2nd period - Shot by Danny Dekeyser.
14:35 of 2nd period - Shot Misses the Net.
14:44 of 2nd period - Zack Macewen is hit by Vili Saarijarvi and loses puck.
14:48 of 2nd period - Minor Penalty to Zack Macewen for Hooking.
14:49 of 2nd period - Matt Luff wins face-off versus Zachary Aston-Reese in Reign zone.
14:50 of 2nd period - Shot by Michael Dal Colle.
14:50 of 2nd period - Deflect By Matt Luff.
14:50 of 2nd period - Stopped by Pheonix Copley without a rebound.
14:51 of 2nd period - Vladislav Kamenev wins face-off versus Zachary Aston-Reese in Reign zone.
15:04 of 2nd period - Shot by Vladislav Kamenev.
15:04 of 2nd period - Stopped by Pheonix Copley with a rebound.
15:14 of 2nd period - Shot by Kale Clague.
15:14 of 2nd period - Stopped by Pheonix Copley with a rebound.
15:16 of 2nd period - Shot by Matt Luff.
15:16 of 2nd period - Deflect By Michael Dal Colle.
15:16 of 2nd period - Stopped by Pheonix Copley with a rebound.
15:18 of 2nd period - Shot by Michael Dal Colle.
15:18 of 2nd period - Shot Hit the Post.
15:20 of 2nd period - Shot by Philippe Myers.
15:20 of 2nd period - Stopped by Pheonix Copley without a rebound.
15:21 of 2nd period - Zachary Aston-Reese wins face-off versus Mitchell Stephens in Reign zone.
15:52 of 2nd period - Shot by Mitchell Stephens.
15:52 of 2nd period - Stopped by Pheonix Copley with a rebound.
16:16 of 2nd period - Ryan Reaves is hit by Michael Dal Colle and loses puck.
16:47 of 2nd period - Matt Irwin is hit by Boris Katchouk and loses puck.
16:58 of 2nd period - Shot by Jonah Gadjovich.
16:58 of 2nd period - Goal by Jonah Gadjovich - Rocket : 3 - Reign : 0.
16:59 of 2nd period - Dominic Toninato wins face-off versus Nolan Stevens in neutral zone.
17:06 of 2nd period - Shot by Tyler Wong.
17:06 of 2nd period - Stopped by James Reimer with a rebound.
17:08 of 2nd period - Shot by Patrik Nemeth.
17:08 of 2nd period - Stopped by James Reimer with a rebound.
17:16 of 2nd period - Shot by Dominic Toninato.
17:16 of 2nd period - Deflect By Tyler Wong.
17:16 of 2nd period - Shot Misses the Net.
17:22 of 2nd period - Shot by Jacob De La Rose.
17:22 of 2nd period - Shot Misses the Net.
17:24 of 2nd period - Shot by Patrik Nemeth.
17:24 of 2nd period - Stopped by James Reimer with a rebound.
17:26 of 2nd period - Shot by Jacob De La Rose.
17:26 of 2nd period - Shot Misses the Net.
17:47 of 2nd period - Icing by Samuel Blais.
17:48 of 2nd period - Jeff Carter wins face-off versus Nolan Stevens in Rocket zone.
18:01 of 2nd period - Shot by Jeff Carter.
18:01 of 2nd period - Stopped by James Reimer with a rebound.
18:03 of 2nd period - Shot by Jeff Carter.
18:03 of 2nd period - Shot Misses the Net.
18:59 of 2nd period - Ryan Reaves is hit by Philippe Myers and loses puck.
19:02 of 2nd period - Shot by Ryan Reaves.
19:02 of 2nd period - Shot Misses the Net.
19:11 of 2nd period - Shot by Ryan Reaves.
19:11 of 2nd period - Shot Misses the Net.
19:13 of 2nd period - Shot by Zachary Aston-Reese.
19:13 of 2nd period - Deflect By Joël Teasdale.
19:13 of 2nd period - Shot Blocked by Kale Clague.
19:15 of 2nd period - Shot by Joël Teasdale.
19:15 of 2nd period - Shot Blocked by Philippe Myers.
19:17 of 2nd period - Shot by Connor Mackey.
19:17 of 2nd period - Goal by Connor Mackey - Rocket : 3 - Reign : 1.
19:18 of 2nd period - Boris Katchouk wins face-off versus Patrick Khodorenko in neutral zone.
19:27 of 2nd period - Shot by Andrei Mironov.
19:27 of 2nd period - Shot Misses the Net.
19:29 of 2nd period - Shot by Boris Katchouk.
19:29 of 2nd period - Shot Misses the Net.
19:31 of 2nd period - Shot by Sampo Ranta.
19:31 of 2nd period - Shot Misses the Net.
19:35 of 2nd period - Shot by Mitchell Stephens.
19:35 of 2nd period - Shot Misses the Net.
19:47 of 2nd period - Shot by Sampo Ranta.
19:47 of 2nd period - Shot Blocked by Lawrence Pilut.
19:49 of 2nd period - Shot by Boris Katchouk.
19:49 of 2nd period - Deflect By Mitchell Stephens.
19:49 of 2nd period - Stopped by Pheonix Copley without a rebound.
19:50 of 2nd period - Dominic Toninato wins face-off versus Evan Barratt in Reign zone.
Goals for this period are 2 for Rocket vs 1 for Reign.
Shots for this period are 16 for Rocket vs 5 for Reign.

3rd period


0:01 of 3rd period - Joël Teasdale wins face-off versus Vladislav Kamenev in neutral zone.
0:26 of 3rd period - Shot by Michael Dal Colle.
0:26 of 3rd period - Shot Misses the Net.
0:36 of 3rd period - Off-side.
0:37 of 3rd period - Jeff Carter wins face-off versus Mitchell Stephens in neutral zone.
1:01 of 3rd period - Sampo Ranta is hit by Danny Dekeyser and loses puck.
1:07 of 3rd period - Boris Katchouk is hit by Connor Mackey and loses puck.
1:10 of 3rd period - Shot by Boris Katchouk.
1:10 of 3rd period - Stopped by Pheonix Copley without a rebound.
1:11 of 3rd period - Patrick Khodorenko wins face-off versus Nolan Stevens in Reign zone.
1:11 of 3rd period - Lawrence Pilut is hit by Jonah Gadjovich and loses puck.
1:29 of 3rd period - Shot by Luc Snuggerud.
1:29 of 3rd period - Stopped by Pheonix Copley with a rebound.
1:39 of 3rd period - Shot by Mason Appleton.
1:39 of 3rd period - Shot Blocked by Luc Snuggerud.
1:41 of 3rd period - Shot by Patrik Nemeth.
1:41 of 3rd period - Stopped by James Reimer without a rebound.
1:42 of 3rd period - Zachary Aston-Reese wins face-off versus Vladislav Kamenev in Rocket zone.
2:04 of 3rd period - Shot by Zachary Aston-Reese.
2:04 of 3rd period - Stopped by James Reimer without a rebound.
2:05 of 3rd period - Jeff Carter wins face-off versus Mitchell Stephens in Rocket zone.
2:16 of 3rd period - Shot by John Leonard.
2:16 of 3rd period - Shot Blocked by Andrei Mironov.
2:30 of 3rd period - Shot by Zack Macewen.
2:30 of 3rd period - Deflect By John Leonard.
2:30 of 3rd period - Shot Blocked by Andrei Mironov.
2:37 of 3rd period - Mitchell Stephens is hit by Danny Dekeyser and loses puck.
2:46 of 3rd period - Shot by Zack Macewen.
2:46 of 3rd period - Stopped by James Reimer with a rebound.
3:15 of 3rd period - Icing by Matt Irwin .
3:16 of 3rd period - Zachary Aston-Reese wins face-off versus Vladislav Kamenev in Reign zone.
3:32 of 3rd period - Off-side.
3:33 of 3rd period - Nolan Stevens wins face-off versus Patrick Khodorenko in neutral zone.
3:57 of 3rd period - Icing by Luc Snuggerud.
3:58 of 3rd period - Nolan Stevens wins face-off versus Jeff Carter in Rocket zone.
4:11 of 3rd period - Shot by Jonah Gadjovich.
4:11 of 3rd period - Shot Misses the Net.
5:29 of 3rd period - Off-side.
5:30 of 3rd period - Mitchell Stephens wins face-off versus Patrick Khodorenko in neutral zone.
6:17 of 3rd period - Icing by Andrei Mironov.
6:18 of 3rd period - Zachary Aston-Reese wins face-off versus Mitchell Stephens in Rocket zone.
6:20 of 3rd period - Minor Penalty to Zachary Aston-Reese for Hooking.
6:21 of 3rd period - Vladislav Kamenev wins face-off versus Jeff Carter in Reign zone.
6:36 of 3rd period - Shot by Kale Clague.
6:36 of 3rd period - Stopped by Pheonix Copley without a rebound.
6:37 of 3rd period - Vladislav Kamenev wins face-off versus Mason Appleton in Reign zone.
6:42 of 3rd period - Shot by Vladislav Kamenev.
6:42 of 3rd period - Shot Misses the Net.
6:44 of 3rd period - Shot by Michael Dal Colle.
6:44 of 3rd period - Stopped by Pheonix Copley without a rebound.
6:45 of 3rd period - Mason Appleton wins face-off versus Mitchell Stephens in Reign zone.
7:01 of 3rd period - Shot by Sampo Ranta.
7:01 of 3rd period - Stopped by Pheonix Copley with a rebound.
7:09 of 3rd period - Shot by Kale Clague.
7:09 of 3rd period - Shot Misses the Net.
7:15 of 3rd period - Shot by Sampo Ranta.
7:15 of 3rd period - Stopped by Pheonix Copley with a rebound.
7:17 of 3rd period - Shot by Sampo Ranta.
7:17 of 3rd period - Shot Misses the Net.
7:19 of 3rd period - Shot by Kale Clague.
7:19 of 3rd period - Stopped by Pheonix Copley without a rebound.
7:20 of 3rd period - Jeff Carter wins face-off versus Vladislav Kamenev in Reign zone.
7:33 of 3rd period - Shot by Andrei Mironov.
7:33 of 3rd period - Shot Blocked by Matt Irwin .
7:49 of 3rd period - Shot by Michael Dal Colle.
7:49 of 3rd period - Shot Misses the Net.
8:08 of 3rd period - Off-side.
8:09 of 3rd period - Mitchell Stephens wins face-off versus Mason Appleton in neutral zone.
8:15 of 3rd period - Shot by Kale Clague.
8:15 of 3rd period - Shot Misses the Net.
8:17 of 3rd period - Shot by Boris Katchouk.
8:17 of 3rd period - Shot Misses the Net.
8:34 of 3rd period - Jonah Gadjovich is hit by Patrik Nemeth and loses puck.
9:12 of 3rd period - Icing by Sampo Ranta.
9:13 of 3rd period - Boris Katchouk wins face-off versus Jeff Carter in Rocket zone.
9:26 of 3rd period - Shot by Jeff Carter.
9:26 of 3rd period - Stopped by James Reimer with a rebound.
9:49 of 3rd period - Sampo Ranta is hit by Brogan Rafferty and loses puck.
10:26 of 3rd period - Icing by Zachary Aston-Reese.
10:27 of 3rd period - Nolan Stevens wins face-off versus Joël Teasdale in Reign zone.
10:34 of 3rd period - Icing by Connor Mackey.
10:35 of 3rd period - Vladislav Kamenev wins face-off versus Zachary Aston-Reese in Reign zone.
10:59 of 3rd period - Shot by Zachary Aston-Reese.
10:59 of 3rd period - Deflect By Ryan Reaves.
10:59 of 3rd period - Stopped by James Reimer without a rebound.
11:00 of 3rd period - Jeff Carter wins face-off versus Nolan Stevens in Rocket zone.
11:00 of 3rd period - Zack Macewen is hit by Vili Saarijarvi and loses puck.
11:01 of 3rd period - Minor Penalty to Vili Saarijarvi for Slashing.
11:02 of 3rd period - Jeff Carter wins face-off versus Vladislav Kamenev in Rocket zone.
11:04 of 3rd period - Zack Macewen is hit by Kale Clague and loses puck.
11:09 of 3rd period - Shot by Matt Irwin .
11:09 of 3rd period - Stopped by James Reimer without a rebound.
11:10 of 3rd period - Jeff Carter wins face-off versus Vladislav Kamenev in Rocket zone.
11:11 of 3rd period - Shot by Zack Macewen.
11:11 of 3rd period - Shot Blocked by Philippe Myers.
11:13 of 3rd period - Shot by Zack Macewen.
11:13 of 3rd period - Deflect By John Leonard.
11:13 of 3rd period - Stopped by James Reimer without a rebound.
11:14 of 3rd period - Vladislav Kamenev wins face-off versus Zachary Aston-Reese in Rocket zone.
12:02 of 3rd period - Icing by Zachary Aston-Reese.
12:03 of 3rd period - Boris Katchouk wins face-off versus Zachary Aston-Reese in Reign zone.
12:34 of 3rd period - Shot by Zack Macewen.
12:34 of 3rd period - Deflect By John Leonard.
12:34 of 3rd period - Stopped by James Reimer with a rebound.
13:16 of 3rd period - Shot by Patrick Khodorenko.
13:16 of 3rd period - Goal by Patrick Khodorenko - Rocket : 3 - Reign : 2.
13:17 of 3rd period - Dominic Toninato wins face-off versus Mitchell Stephens in neutral zone.
13:23 of 3rd period - Icing by Luc Snuggerud.
13:24 of 3rd period - Mitchell Stephens wins face-off versus Patrick Khodorenko in Rocket zone.
13:24 of 3rd period - Mitchell Stephens is hit by Andrew Ladd.
13:41 of 3rd period - Icing by Brogan Rafferty.
13:42 of 3rd period - Nolan Stevens wins face-off versus Patrick Khodorenko in Reign zone.
13:45 of 3rd period - Shot by Jonah Gadjovich.
13:45 of 3rd period - Shot Misses the Net.
13:47 of 3rd period - Shot by Jonah Gadjovich.
13:47 of 3rd period - Stopped by Pheonix Copley without a rebound.
13:48 of 3rd period - Vladislav Kamenev wins face-off versus Zachary Aston-Reese in Reign zone.
14:03 of 3rd period - Ryan Reaves is hit by Matt Luff and loses puck.
14:56 of 3rd period - Shot by Sampo Ranta.
14:56 of 3rd period - Shot Blocked by Jeff Carter.
14:58 of 3rd period - Shot by Mitchell Stephens.
14:58 of 3rd period - Stopped by Pheonix Copley without a rebound.
14:59 of 3rd period - Mason Appleton wins face-off versus Nolan Stevens in Reign zone.
15:09 of 3rd period - Off-side.
15:10 of 3rd period - Mitchell Stephens wins face-off versus Jeff Carter in neutral zone.
15:27 of 3rd period - Shot by Zack Macewen.
15:27 of 3rd period - Shot Misses the Net.
15:29 of 3rd period - Shot by Zack Macewen.
15:29 of 3rd period - Stopped by James Reimer with a rebound.
15:31 of 3rd period - Shot by Zack Macewen.
15:31 of 3rd period - Stopped by James Reimer without a rebound.
15:32 of 3rd period - Nolan Stevens wins face-off versus Andrew Ladd in Rocket zone.
15:56 of 3rd period - Icing by Lawrence Pilut.
15:57 of 3rd period - Vladislav Kamenev wins face-off versus Patrick Khodorenko in Reign zone.
16:11 of 3rd period - Off-side.
16:12 of 3rd period - Boris Katchouk wins face-off versus Zachary Aston-Reese in neutral zone.
16:25 of 3rd period - Ryan Reaves is hit by Philippe Myers.
16:33 of 3rd period - Shot by Joël Teasdale.
16:33 of 3rd period - Shot Misses the Net.
16:35 of 3rd period - Shot by Matt Irwin .
16:35 of 3rd period - Stopped by James Reimer without a rebound.
16:36 of 3rd period - Vladislav Kamenev wins face-off versus Jeff Carter in Rocket zone.
16:49 of 3rd period - Shot by Matt Luff.
16:49 of 3rd period - Deflect By Michael Dal Colle.
16:49 of 3rd period - Shot Misses the Net.
16:51 of 3rd period - Shot by Michael Dal Colle.
16:51 of 3rd period - Stopped by Pheonix Copley without a rebound.
16:52 of 3rd period - Mitchell Stephens wins face-off versus Zachary Aston-Reese in Reign zone.
16:55 of 3rd period - Shot by Kale Clague.
16:55 of 3rd period - Stopped by Pheonix Copley without a rebound.
16:56 of 3rd period - Zachary Aston-Reese wins face-off versus Vladislav Kamenev in Reign zone.
17:11 of 3rd period - Shot by Vladislav Kamenev.
17:11 of 3rd period - Stopped by Pheonix Copley without a rebound.
17:12 of 3rd period - Jeff Carter wins face-off versus Mitchell Stephens in Reign zone.
17:20 of 3rd period - Icing by Andrei Mironov.
17:21 of 3rd period - Mitchell Stephens wins face-off versus Zachary Aston-Reese in Rocket zone.
17:29 of 3rd period - Rinat Valiev is hit by Matt Irwin and loses puck.
17:36 of 3rd period - Shot by Boris Katchouk.
17:36 of 3rd period - Shot Misses the Net.
17:42 of 3rd period - Shot by Mitchell Stephens.
17:42 of 3rd period - Shot Blocked by Brogan Rafferty.
17:46 of 3rd period - Shot by Boris Katchouk.
17:46 of 3rd period - Stopped by Pheonix Copley without a rebound.
17:47 of 3rd period - Jeff Carter wins face-off versus Vladislav Kamenev in Reign zone.
18:16 of 3rd period - Shot by Philippe Myers.
18:16 of 3rd period - Shot Blocked by Danny Dekeyser.
19:36 of 3rd period - Shot by Vladislav Kamenev.
19:36 of 3rd period - Shot Misses the Net.
19:38 of 3rd period - Shot by Matt Luff.
19:38 of 3rd period - Shot Misses the Net.
19:40 of 3rd period - Shot by Philippe Myers.
19:40 of 3rd period - Shot Misses the Net.
19:42 of 3rd period - Shot by Philippe Myers.
19:42 of 3rd period - Shot Misses the Net.
19:44 of 3rd period - Shot by Vladislav Kamenev.
19:44 of 3rd period - Stopped by Pheonix Copley without a rebound.
19:45 of 3rd period - Joel L'Esperance wins face-off versus Patrick Khodorenko in Reign zone.
19:54 of 3rd period - Philippe Myers is hit by Mason Appleton and loses puck.
19:57 of 3rd period - Reign, Pheonix Copley is pulled from the net.
Goals for this period are 0 for Rocket vs 1 for Reign.
Shots for this period are 14 for Rocket vs 12 for Reign.